[Event "*** Titled Tuesday Blitz"]
[Site "Chess.com"]
[Date "2021.03.16"]
[Round "3"]
[White "NateSolon"]
[Black "rachidhuilda"]
[Result "1/2-1/2"]
[WhiteElo "2555"]
[BlackElo "2306"]
[TimeControl "180+1"]
[EndTime "10:29:44 PDT"]
[Termination "Game drawn by repetition"]

1. d4 Nf6 2. c4 c5 3. d5 b5 4.
cxb5 a6 5. bxa6 g6 6. Nc3 Bg7 7. g3 O-O 8. Bg2 d6 9. Nf3 Nbd7 10. O-O Nb6 11. Rb1 Bf5 12. Ra1 Ne4 13. Nxe4 Bxe4 14. Ne1 Bxg2 15. Nxg2 Rxa6 16. e4 Qa8 17. a3 Rb8 18.
Qc2 Na4 19. Rb1 Rab6 20. Ne3 Nxb2 21. Bxb2 Rxb2 22. Rxb2 Rxb2 23. Qd3 Qa4 24. Nc4 Rb3 25. Qe2 Qa6 26. Rc1 Rxa3 27. Kg2 Ra2 28. Qg4 Bd4 29. Qd7 Rxf2+ 30. Kh3 Bf6 31. e5 dxe5 32. d6 exd6 33.
Nxd6 Bg5 34. Qe8+ Kg7 35. Qxe5+ Bf6 36. Ne8+ Kf8 37. Nxf6 Qxf6 38. Qxc5+ Kg7 39. Qc3 Qxc3 40. Rxc3 Rf5 41. Kg2 h5 42. h4 Rf6 43. Rc4 Re6 44. Rd4 Rf6 45. Rc4 Rf5 46. Rd4 f6 47. Rd7+ Kh6 48.
Rd4 g5 49. hxg5+ fxg5 50. Rd6+ Kg7 51. Ra6 Rf6 52. Ra7+ Kg6 53. Ra5 Rc6 54. Rb5 Rc2+ 55. Kf3 Rc6 56. Ra5 Rf6+ 57. Kg2 g4 58. Rb5 Rf5 59.
Rb6+ Kg5 60. Rb4 Rd5 61. Rb2 Re5 62. Ra2 Rf5 63. Rb2 Re5 64. Ra2 Rd5 65. Rb2 h4 66. gxh4+ Kxh4 67. Rb3 Rd2+ 68. Kg1 Re2 69. Ra3 Rc2 70.
Rb3 Ra2 71. Rc3 Ra4 72. Rb3 Rf4 73. Rc3 Rf5 74. Ra3 Re5 75. Rb3 Re1+ 76. Kg2 Re2+ 77. Kg1 Re4 78. Ra3 Rf4 79. Rb3 Rf3 80. Rxf3 gxf3 81.
Kf2 Kg4 82. Kf1 Kf4 83. Kf2 Ke4 84. Kf1 Kf5 85. Kf2 Ke4 86. Kf1 Ke3 87. Ke1 Kf4 88. Kf2 Kg4 89. Kf1 Kh3 90. Kf2 Kg4 1/2-1/2

[Event "*** Titled Tuesday Blitz"]
[Site "Chess.com"]
[Date "2021.03.16"]
[Round "3"]
[White "Gabrielian_Artur"]
[Black "mbojan"]
[Result "0-1"]
[WhiteElo "2795"]
[BlackElo "2636"]
[TimeControl "180+1"]
[EndTime "10:29:51 PDT"]
[Termination "mbojan won by resignation"]

1. e4 g6 2. d4 Bg7 3. Nc3 d6 4. Be3 a6 5. Qd2 b5 6. h4 h6 7. h5 g5 8. f4 gxf4 9. Bxf4 Nd7 10. O-O-O Bb7 11. Bd3 Bxd4 12. Nf3 Bg7 13. g4 Ngf6 14. g5 hxg5 15. h6 Rxh6 16. Rxh6 Bxh6 17. Bxg5 Bf8 18. Rh1 c6 19. Bh6 Qc7 20. Ng5 Bxh6 21. Rxh6 Ne5 22. Rh8+ Kd7 23. Qh2 Rxh8 24. Qxh8 Qd8 25. Qh3+ Kc7 26. a4 Qg8 27. Qe3 Nfd7 28. axb5 axb5 29.
Bxb5 cxb5 30. Nxb5+ Kc8 31. Na7+ Kb8 32. Nb5 Nc6 33.
b3 Qg7 34. Kb1 Qe5 35. Na3 Qc5 36. Qxc5 Nxc5 37. Nxf7 Nxe4 38. Nc4 Kc7 39. Ne3 Ne5 40. Nxe5 dxe5 41. c4 Nd6 42. Kc2 e6 43. Kc3 Nf5 44. Ng4 e4 45. b4 Kd6 46. c5+ Kd5 47. Nf6+ Ke5 48. Nd7+ Kf4 49. b5 e3 50. c6 Bxc6 51.
bxc6 Kf3 52. Ne5+ Kf2 53. Ng4+ Kf3 54. Ne5+ Ke4 55. c7 Nd6 56. Nc4 Nb5+ 57. Kc2 Nxc7 58.
Nd6+ Kf3 59. Nc4 Nd5 60. Ne5+ Ke4 61. Nc4 Kf3 62. Ne5+ Ke2 63. Nc6 Nf4 64. Nd4+ Kf2 65. Kc3 e2 66. Nxe2 Nxe2+ 67. Kd3 Nf4+ 68. Ke4 Kg3 69.
Ke5 Kg4 70. Ke4 Kg5 71. Ke5 Kg4 72. Ke4 Ng6 73. Kd4 Kf5 0-1

[Event "*** Titled Tuesday Blitz"]
[Site "Chess.com"]
[Date "2021.03.16"]
[Round "3"]
[White "IwkooO"]
[Black "SergeyShtyka"]
[Result "1-0"]
[WhiteElo "2617"]
[BlackElo "2403"]
[TimeControl "180+1"]
[EndTime "10:29:51 PDT"]
[Termination "IwkooO won on time"]

1. e4 c5 2. Nc3 Nc6 3. Nge2 g6 4. d4 cxd4 5. Nxd4 Bg7 6. Be3 d6 7. Qd2 Nf6 8. f3 O-O 9. Bc4 Bd7 10. O-O-O Qa5 11. Kb1 Rfc8 12. Bb3 Ne5 13. g4 Nc4 14. Bxc4 Rxc4 15. h4 Rac8 16. h5 Rxc3 17. bxc3 Bxg4 18. Nb3 Qa4 19. Qe2 Nxe4 20. Bd2 Nxd2+ 21. Rxd2 Bxc3 22.
Rd3 Bf5 23. hxg6 Qa3 24. Rxc3 Rxc3 25. gxh7+ Bxh7 26. Qxe7 Rxb3+ 27. axb3 Qxb3+ 28. Ka1 Qa4+ 29. Kb1 Qxc2+ 30. Ka1 Qa4+ 31. Kb2 Qb4+ 32. Ka2 Qd2+ 33. Ka1 Qc3+ 34. Ka2 Qxf3 35. Qg5+ Kf8 36. Qd8+ Kg7 37. Qg5+ Bg6 38. Qh6+ Kf6 39. Qh8+ Ke6 40. Re1+ Be4 41. Qd4 f5 42. Qc4+ d5 43. Qc8+ Ke5 44. Qe8+ Kf4 45. Qb8+ Kg5 46. Rg1+ Kf6 47. Qd8+ Ke5 48. Qh8+ Kd6 49.
Rg6+ Kc5 50. Qf8+ Kd4 51. Qb4+ Kd3 52. Rg3 Qxg3 53. Qb3+ Ke2 54. Qxg3 d4 55. Kb2 d3 56. Kc3 b5 57. Qh2+ Ke3 58. Qd2+ Kf3 59. Qb2 a5 60. Kd2 b4 61. Qa2 a4 62. Qxa4 f4 63. Qxb4 Bf5 64.
Qd4 Be4 65. Qg1 Bf5 66. Ke1 Ke4 67. Qf2 f3 68. Kd2 Kf4 69. Qe3+ Kg3 70. Ke1 Kg4 71. Kf2 Bg6 72. Qxf3+ Kg5 73. Ke3 Bf5 74. Qf4+ Kf6 75. Kd4 1-0

[Event "*** Titled Tuesday Blitz"]
[Site "Chess.com"]
[Date "2021.03.16"]
[Round "3"]
[White "annacramling"]
[Black "ViktoriyaTarasova"]
[Result "0-1"]
[WhiteElo "2002"]
[BlackElo "2355"]
[TimeControl "180+1"]
[EndTime "10:29:52 PDT"]
[Termination "ViktoriyaTarasova won on time"]

1. d4 Nf6 2. c4 e6 3. Nc3 Bb4 4. Qc2 d5 5. cxd5 exd5 6. Bg5 h6 7. Bh4 g5 8. Bg3 Nc6 9. e3 h5 10. h4 Ne4 11. Bd3 Nxg3 12. fxg3 Bg4 13. Nf3 Bxf3 14.
gxf3 Qe7 15. O-O-O Qxe3+ 16. Kb1 O-O-O 17. Rhe1 Qxf3 18. Bf5+ Kb8 19. hxg5 Qxg3 20. Rg1 Qd6 21. Nb5 Qf8 22. a3 Be7 23. Qh2 Bd6 24. Nxd6 Qxd6 25. Qc2 h4 26. g6 fxg6 27. Rxg6 Qe7 28. Re6 Qd7 29. Rh6 Qf7 30. Rxh8 Rxh8 31. Re1 h3 32. Be6 Qg7 33.
Bxd5 Nxd4 34. Qf2 h2 35. Rh1 c6 36. Bg2 Ka8 37. Qd2 Qg6+ 38. Ka2 Nb5 39. Ka1 Qg7 40.
Bf3 a6 41. Qg2 Nd4 42. Qxg7 Nb3+ 43. Ka2 Nc1+ 44. Kb1 Rd8 45. Qh8 Rxh8 46. Rxc1 Ka7 47. Rh1 Rh3 48. Kc2 Rxf3 49. Rxh2 Rg3 50. Kb1 Rf3 51.
Ka2 Rf5 52. b4 Rd5 53. Kb3 Kb6 54. a4 a5 55. Rh7 axb4 56. Kxb4 Rg5 57. Rf7 Rg4+ 58.
Kb3 Ka6 59. Ka3 b6 60. Kb3 c5 61. Rf6 Rb4+ 62. Ka3 Rg4 63. Kb3 Ka5 64. Rf8 Rb4+ 65. Kc3 Rxa4 66. Ra8+ Kb5 67. Rb8 Ra3+ 68. Kb2 Rg3 69.
Re8 Ka5 70. Ka2 b5 71. Ra8+ Kb4 72. Rb8 c4 73. Rf8 Rg2+ 74. Kb1 Kb3 75. Kc1 c3 76. Kd1 c2+ 0-1

[Event "*** Titled Tuesday Blitz"]
[Site "Chess.com"]
[Date "2021.03.16"]
[Round "3"]
[White "Thee-Chessboy"]
[Black "ChristopherYoo"]
[Result "0-1"]
[WhiteElo "2496"]
[BlackElo "2897"]
[TimeControl "180+1"]
[EndTime "10:29:57 PDT"]
[Termination "ChristopherYoo won by resignation"]

1. d4 Nf6 2. c4 e6 3. Nf3 d5 4. g3 Be7 5. Bg2 O-O 6. O-O dxc4 7.
Ne5 Nc6 8. Bxc6 bxc6 9. Nxc6 Qe8 10. Nxe7+ Qxe7 11. b3 Rd8 12. bxc4 e5 13. d5 Qc5 14. Qb3 Bh3 15. Be3 Qd6 16. Rd1 Ng4 17. f3 Rab8 18. Qc3 Nxe3 19. Qxe3 e4 20. fxe4 Re8 21. Nd2 Bf5 22. Qd4 c5 23. Qd3 Bg6 24. Rab1 Qe5 25.
Kf2 h5 26. Nf3 Qxe4 27. Qxe4 Bxe4 28. Rxb8 Rxb8 29. Rd2 f6 30. Ne1 Kf7 31. Nd3 Rc8 32.
Rb2 Rc7 33. Rb8 Ke7 34. Ke3 Bf5 35. Nf4 Bg4 36. h3 Bf5 37. Nxh5 g6 38. Nf4 g5 39. Nd3 Bxh3 40. a4 Kd6 41. Rf8 Re7+ 42. Kd2 Re4 43. Rxf6+ Ke7 44. Rh6 Bg4 45. Rc6 Rxc4 46.
Rxc5 Rxa4 47. Ne5 Kd6 48. Nd3 Bf5 49. Rb5 a6 50. Rb6+ Kxd5 51. Nf2 Ra2+ 52. Ke3 Ra3+ 53. Nd3 a5 54. Rb5+ Ke6 55. g4 Bxd3 56. Rxg5 Bc4+ 57. Kd4 Ra4 58. Kc5 Bxe2 59. Rg8 Bxg4 60. Re8+ Kd7 61. Rg8 Be6 62. Rg7+ Kc8 63. Kd6 Bc4 64. Kc6 Kb8 65.
Rb7+ Ka8 66. Re7 Rb4 67. Kc5 Ba6 68. Re8+ Ka7 69. Re7+ Bb7 70. Re3 Rb6 71. Ra3 Ka6 72.
Ra4 Rb5+ 73. Kc4 Bd5+ 74. Kc3 Kb6 75. Ra1 Kc5 76. Kd3 Rb3+ 77. Kc2 Kb4 78. Rd1 Be4+ 79. Kc1 Kc3 0-1

[Event "*** Titled Tuesday Blitz"]
[Site "Chess.com"]
[Date "2021.03.16"]
[Round "3"]
[White "mjray79"]
[Black "MarcoRiehle"]
[Result "1-0"]
[WhiteElo "2469"]
[BlackElo "2677"]
[TimeControl "180+1"]
[EndTime "10:30:00 PDT"]
[Termination "mjray79 won by checkmate"]

1. d4 d5 2. c4 e6 3. Nf3 Nf6 4. g3 dxc4 5. Bg2 Bb4+ 6. Bd2 a5 7. O-O O-O 8. Qc2 b5 9. a4 Bxd2 10. Nbxd2 c6 11. b3 cxb3 12. Nxb3 Nd5 13. Ne5 Bb7 14. Nc5 Ra7 15. Rfc1 Qd6 16. Nxb7 Rxb7 17. Nxc6 Nxc6 18. Qxc6 Qxc6 19. Rxc6 b4 20. Rc5 b3 21. Bxd5 exd5 22. Rxa5 Rc8 23. Kg2 Kf8 24. Rb1 Rc4 25. Rb5 Rxb5 26. axb5 Rb4 27. Kf3 Rxb5 28. Ke3 Rb4 29. Kd3 Ke7 30. e3 Ra4 31. Kc3 Ra2 32.
Rb2 Ra1 33. Rxb3 g5 34. h4 gxh4 35. gxh4 Rh1 36. Rb5 Ke6 37. Rb6+ Kf5 38. Rh6 Rf1 39. Rxh7 f6 40. f4 Ke4 41. Re7+ Kf3 42. Re6 Rh1 43.
Kd3 Rd1+ 44. Kc2 Rh1 45. Kd2 Rh2+ 46. Kd3 Re2 47. h5 Rh2 48. Rxf6 Rxh5 49. Re6 Kg4 50. Re5 Rh1 51. Rxd5 Kf3 52. Re5 Rd1+ 53. Kc4 Kg4 54. Kd5 Ra1 55. Ke4 Ra4 56. Rg5+ Kh4 57. Kf3 Ra1 58.
d5 Rf1+ 59. Ke4 Rd1 60. Ke5 Rd3 61. e4 Rd2 62. d6 Rd3 63. Rg7 Kh5 64. d7 Kh6 65.
Re7 Kg6 66. f5+ Kg5 67. Ke6 Rd4 68. Re8 Rxe4+ 69. Kd5 Rf4 70. d8=Q+ Kg4 71. f6 Rf5+ 72. Ke6 Rf1 73. Kf7 Kg5 74. Rg8+ Kf5 75. Qd5+ Kf4 76. Qc4+ Ke5 77. Qxf1 Kd4 78. Kg7 Ke5 79.
f7 Kd5 80. f8=Q Ke5 81. Q8f5+ Kd6 82. Rd8+ Ke7 83. Qd7# 1-0

[Event "*** Titled Tuesday Blitz"]
[Site "Chess.com"]
[Date "2021.03.16"]
[Round "3"]
[White "Evandro_Barbosa"]
[Black "tptagain"]
[Result "1-0"]
[WhiteElo "2646"]
[BlackElo "2862"]
[TimeControl "180+1"]
[EndTime "10:30:06 PDT"]
[Termination "Evandro_Barbosa won by resignation"]

1. e4 c6 2. d4 d5 3. exd5 cxd5 4.
c4 Nf6 5. Nc3 e6 6. Nf3 Bb4 7.
cxd5 Nxd5 8. Qc2 Nc6 9. Be2 Nde7 10. O-O O-O 11. Rd1 h6 12. a3 Bd6 13. Ne5 Bd7 14. Nc4 Bc7 15. Qe4 Re8 16. Ne5 Bxe5 17. dxe5 Ng6 18. f4 Qe7 19. Be3 Red8 20. Nb5 Na5 21. Nd6 Bc6 22. Qb4 b6 23. Rac1 Nh4 24. Bf1 Bd5 25.
Bf2 Nb3 26. Rc3 Na5 27. Rh3 Ng6 28. Bd3 Nc6 29. Qd2 Nf8 30. Bb1 Rxd6 31. exd6 Qxd6 32.
Qd3 Ne7 33. Bd4 Qxf4 34. Rg3 Nf5 35. Qxf5 exf5 36. Rxg7+ Kh8 37. Rg4+ Qxd4+ 38. Rgxd4 Be6 39. Rd8 Rxd8 40. Rxd8 Kg7 41. Ra8 a5 42. Rb8 Nd7 43. Rb7 Kf6 44. Bc2 Ke5 45. Rc7 Kd6 46. Rc3 Nf6 47.
Rd3+ Ke5 48. Rd1 Bd5 49. g3 Be4 50. Bb3 Ng4 51. Rd8 f6 52. Rb8 Ne3 53. Rxb6 Kd4 54. Rb8 Bd3 55. Bg8 Bc4 56. b4 Bxg8 57. Rxg8 a4 58. Rc8 Nc4 59. b5 Nd6 60. Rc6 Nxb5 61. Ra6 Nc3 62. Rxf6 Kc4 63. Rxf5 Kb3 64. Rh5 Kxa3 65.
Rxh6 Kb4 66. Ra6 a3 67. Rxa3 Kxa3 68. h4 Ne4 69. Kg2 Kb4 70. Kf3 Nd6 71. Kf4 Kc5 72.
Ke5 Nc4+ 73. Kf6 Kd6 74. g4 Ne5 75. g5 Ng4+ 76. Kg6 Ke7 77. h5 Kf8 78. Kh7 Kf7 79.
g6+ Ke7 80. h6 Kf6 81. g7 Kf5 82. Kh8 Nf6 83. h7 Ke6 84. g8=Q+ 1-0

[Event "*** Titled Tuesday Blitz"]
[Site "Chess.com"]
[Date "2021.03.16"]
[Round "3"]
[White "frequentblunders"]
[Black "AsaHoffmann"]
[Result "1/2-1/2"]
[WhiteElo "2065"]
[BlackElo "2349"]
[TimeControl "180+1"]
[EndTime "10:30:11 PDT"]
[Termination "Game drawn - insufficient material"]

1. e3 d6 2. c4 e5 3. Nc3 Nf6 4. Nf3 e4 5. Nd4 c5 6. Nc2 Nc6 7. g3 Be7 8. Bg2 Bg4 9. f3 exf3 10. Bxf3 Bxf3 11. Qxf3 Ne5 12. Qe2 Qd7 13. d4 Nc6 14. O-O O-O 15. d5 Ne5 16. e4 a6 17. Bf4 Ng6 18.
Ne3 b5 19. Nf5 Rfe8 20. cxb5 axb5 21. Qxb5 Qxb5 22. Nxb5 Nxe4 23. Nc7 Nxf4 24. Nxe7+ Rxe7 25. Nxa8 Ne2+ 26. Kg2 Nd4 27. Rae1 f5 28. Nb6 g6 29. Nc4 Ra7 30. a3 Ra4 31. Rc1 Kg7 32. Rfe1 Ra6 33. h4 Kf6 34. g4 Ra4 35. gxf5 gxf5 36. Re3 Ra7 37. b3 Rg7+ 38. Kh2 Rg4 39. Rxe4 fxe4 40.
Nxd6 Ke5 41. Kh3 Rf4 42. Nc4+ Kxd5 43. Ne3+ Kd6 44. Nc4+ Kc6 45. Ne5+ Kd5 46. Nd7 Rf3+ 47. Kg4 Ne6 48. h5 Rxb3 49. a4 Ra3 50. Nf6+ Ke5 51.
Nxh7 e3 52. h6 Rxa4+ 53. Kf3 Ra3 54. Re1 Nd4+ 55. Kg3 Nf5+ 56. Kf3 c4 57. Ng5 Nxh6 58. Rxe3+ Kd4 59. Rxa3 Nf5 60. Ne4 Ne7 61. Nf2 Nd5 62. Nd1 c3 63. Nxc3 Nxc3 64. Ra8 Nd5 65. Rd8 Ke5 66.
Kg4 Ke4 67. Re8+ Kd4 68. Kf3 Kc5 69. Rd8 Kc6 70. Ke4 Nf6+ 71. Ke5 Nd7+ 72. Ke6 Nc5+ 73.
Ke5 Nd7+ 74. Kd4 Nb6 75. Re8 Kd6 76. Rh8 Kc6 77. Rh6+ Kb5 78. Rg6 Na4 79. Kd5 Nb6+ 80. Kd4 Na4 81. Rg1 Kc6 82. Rc1+ Kb7 83. Rb1+ Kc6 84.
Kc4 Nb6+ 85. Kd4 Nd7 86. Rh1 Kd6 87. Rh6+ Ke7 88. Kd5 Nf6+ 89. Ke5 Nd7+ 90. Kd5 Nf6+ 91. Kc6 Kf7 92. Rh2 Ke6 93. Re2+ Kf5 94. Kd6 Ne4+ 95. Kd5 Nc3+ 96. Kc4 Nxe2 1/2-1/2

[Event "*** Titled Tuesday Blitz"]
[Site "Chess.com"]
[Date "2021.03.16"]
[Round "3"]
[White "Msb2"]
[Black "Margency"]
[Result "1/2-1/2"]
[WhiteElo "2912"]
[BlackElo "2719"]
[TimeControl "180+1"]
[EndTime "10:30:36 PDT"]
[Termination "Game drawn - insufficient material"]

1. d4 d5 2. Nf3 e6 3. e3 c5 4. b3 Nf6 5. Bd3 b6 6. O-O Bb7 7. Bb2 Nbd7 8. Nbd2 Bd6 9. Qe2 O-O 10. Rad1 Qc7 11.
dxc5 Nxc5 12. c4 Nxd3 13. Qxd3 dxc4 14. Nxc4 Be7 15. Be5 Qc6 16. Qd4 Qe4 17. Bd6 Bxd6 18. Nxd6 Qxd4 19. Nxd4 Bd5 20. Rc1 Rfd8 21. N6b5 a5 22.
Nc6 Bxc6 23. Rxc6 Rd2 24. a4 Rb2 25. Rfc1 g5 26. Rxb6 Rxb3 27. Rb7 Rb2 28. h3 Nd5 29. Rd7 Ra2 30. Nd6 Rf8 31. Rc4 Nb6 32. Rdc7 Nxc4 33.
Rxc4 Rd8 34. Ne4 h6 35. g4 Rd1+ 36. Kg2 Rda1 37. Nf6+ Kg7 38. Nh5+ Kf8 39. Rc8+ Ke7 40. Rc7+ Kd6 41. Rxf7 Rxa4 42. Rh7 Rb4 43. Rxh6 a4 44. Ng7 a3 45. Rxe6+ Kd7 46. Ra6 a2 47. Nf5 Rb2 48.
Ra7+ Kc8 49. Nd6+ Kb8 50. Ra4 Rd1 51. Rxa2 Rxa2 52. Ne4 Re1 53. Nxg5 Rxe3 54. h4 Ree2 55.
Nh3 Kc7 56. h5 Kd6 57. h6 Ke6 58. h7 Ra8 59. Nf4+ Kf6 60. Nxe2 Kg5 61. Kg3 Rh8 62.
f4+ Kg6 63. f5+ Kg5 64. Nf4 Rxh7 65. Nh3+ Kf6 66. Ng1 Ra7 67. Nf3 Ra3 68. Kg2 Ra4 69.
Kg3 Ra3 70. Kf2 Rb3 71. Nd4 Ra3 72. Ne2 Kg5 73. Nd4 Kxg4 74. f6 Ra6 75. Ke3 Rxf6 76.
Ke4 Rf4+ 77. Ke5 Rf1 78. Kd5 Rd1 79. Ke4 Re1+ 80. Kd5 Kf4 81. Ne6+ Kf5 82. Nd4+ Kf6 83. Nc6 Rd1+ 84. Kc5 Ke6 85. Nd4+ Ke7 86. Nc6+ Ke6 87. Nd4+ Kd7 88. Nf3 Rc1+ 89. Kd4 Rf1 90. Ne5+ Ke6 91.
Nc4 Rf4+ 92. Kc5 Rh4 93. Nb6 Ke5 94. Nd7+ Ke6 95. Nb6 Rh5+ 96. Kc6 Rh6 97. Kc5 Ke5 98. Nc4+ Ke4 99. Nd6+ Ke5 100. Nf7+ Kf6 101. Nxh6 1/2-1/2

[Event "*** Titled Tuesday Blitz"]
[Site "Chess.com"]
[Date "2021.03.16"]
[Round "3"]
[White "KazakhFighter04"]
[Black "mishanick"]
[Result "1/2-1/2"]
[WhiteElo "2761"]
[BlackElo "3012"]
[TimeControl "180+1"]
[EndTime "10:30:56 PDT"]
[Termination "Game drawn - insufficient material"]

1. e4 c5 2. Nf3 d6 3. d4 cxd4 4. Nxd4 Nf6 5. Nc3 a6 6. Be2 e5 7. Nf3 Be7 8. Bg5 Nbd7 9. O-O b5 10. Bxf6 Nxf6 11. a4 b4 12. Nd5 Nxe4 13. Nxb4 Bb7 14.
Bc4 Nf6 15. Nd5 O-O 16. Nxf6+ Bxf6 17. Bd5 Rb8 18. Rb1 e4 19. Bxb7 Rxb7 20. Qd5 Rb4 21. c3 Rxa4 22. Nd2 e3 23. fxe3 Rh4 24. Nf3 Rg4 25.
Rfd1 Qb6 26. Rd3 Rd8 27. b4 h6 28. Kh1 Qc7 29. h3 Rc4 30. b5 axb5 31. Rxb5 Rxc3 32. Rxc3 Qxc3 33. Rb7 Qa1+ 34. Kh2 Be5+ 35. Nxe5 Qxe5+ 36. Qxe5 dxe5 37. Re7 f6 38. Kg3 h5 39. h4 Kh7 40.
Kf3 Kg6 41. g3 Ra8 42. e4 Ra3+ 43. Kf2 Rb3 44. Ra7 Rc3 45. Rb7 Kh6 46. Rf7 Rc8 47. Kf3 Rc1 48. Kf2 Rc6 49. Kf3 g6 50. Re7 Rc3+ 51.
Kf2 g5 52. hxg5+ Kxg5 53. Rg7+ Kh6 54. Ra7 Kg6 55. Rb7 Ra3 56. Rc7 Kh6 57. Rb7 Kg5 58. Rg7+ Kh6 59. Rb7 Ra8 60. Kf3 Rg8 61. Rc7 Kg5 62.
Ra7 Rg6 63. Rh7 Rg8 64. Ra7 Kg6 65. Rb7 Rf8 66. Ra7 f5 67. exf5+ Kxf5 68. Ke3 Rg8 69. Kf3 Rf8 70. Ke3 Rf6 71. Rg7 Rg6 72. Rf7+ Kg4 73. Kf2 Rg5 74. Ra7 Kh3 75. Ra3 Rf5+ 76. Kg1 e4 77. Re3 Re5 78. Kf2 Kg4 79. Kg2 Kf5 80. Kh3 Rd5 81. Kh4 Rd1 82. Kh3 Rd3 83. Re1 e3 84. Kh4 Ke4 85. Kxh5 Rd8 86. g4 Rh8+ 87. Kg6 Rg8+ 88. Kh5 Kf4 89. Rf1+ Kg3 90. g5 Rh8+ 91.
Kg6 Rh2 92. Kg7 Rf2 93. Re1 Kf4 94. g6 Rg2 95. Kh7 e2 96. g7 Rh2+ 97. Kg8 Ke3 98. Rxe2+ Rxe2 99. Kf8 Rf2+ 100. Ke7 Rg2 101. Kf7 Kf4 102. g8=Q Rxg8 103. Kxg8 1/2-1/2

[Event "*** Titled Tuesday Blitz"]
[Site "Chess.com"]
[Date "2021.03.16"]
[Round "4"]
[White "Omk124"]
[Black "platy3"]
[Result "0-1"]
[WhiteElo "2552"]
[BlackElo "2801"]
[TimeControl "180+1"]
[EndTime "10:32:10 PDT"]
[Termination "platy3 won by checkmate"]

1. e4 c5 2. Nf3 e6 3. d4 cxd4 4. Nxd4 Nc6 5. g3 Qc7 6. Bg2 a6 7. Nxc6 bxc6 8. O-O h5 9. h4 Nf6 10. c4 Ng4 11. Nc3 Bc5 12. Qe2 Qxg3 13. Be3 Qh2# 0-1

[Event "*** Titled Tuesday Blitz"]
[Site "Chess.com"]
[Date "2021.03.16"]
[Round "4"]
[White "MagzyPotato"]
[Black "Susal_De_Silva"]
[Result "0-1"]
[WhiteElo "2365"]
[BlackElo "2634"]
[TimeControl "180+1"]
[EndTime "10:32:55 PDT"]
[Termination "Susal_De_Silva won by resignation"]

1. d4 Nf6 2. c3 e6 3. Nf3 d5 4.
Nbd2 b6 5. e3 Bb7 6. Bd3 Bd6 7.
O-O c5 8. Ne5 O-O 9. f4 Nc6 10.
Ndf3 Ne7 11. Bd2 c4 12. Bc2 b5 13. Be1 Ne4 14. Bh4 f6 15. Ng4 Nf5 16. Bf2 h5 17.
Bxe4 dxe4 0-1

[Event "*** Titled Tuesday Blitz"]
[Site "Chess.com"]
[Date "2021.03.16"]
[Round "4"]
[White "DanilovVladimir"]
[Black "Olga_Zhuravleva"]
[Result "1-0"]
[WhiteElo "2438"]
[BlackElo "2258"]
[TimeControl "180+1"]
[EndTime "10:32:58 PDT"]
[Termination "DanilovVladimir won by resignation"]

1. d4 g6 2. e4 Bg7 3. Nc3 d6 4.
Bg5 Nd7 5. Qd2 c6 6. Nf3 Qa5 7. Bd3 b5 8. O-O Ngf6 9. e5 dxe5 10. dxe5 Nd5 11. Nxd5 cxd5 12. Qxa5 1-0

[Event "*** Titled Tuesday Blitz"]
[Site "Chess.com"]
[Date "2021.03.16"]
[Round "4"]
[White "Skatchkov_V"]
[Black "Aslanov_Umid"]
[Result "1-0"]
[WhiteElo "2609"]
[BlackElo "2390"]
[TimeControl "180+1"]
[EndTime "10:33:06 PDT"]
[Termination "Skatchkov_V won by resignation"]

1. d4 d5 2. c4 e6 3. Nf3 Nf6 4. Nc3 c6 5. Qc2 Nbd7 6. e3 b6 7. b3 Bd6 8. Bd3 O-O 9. Bb2 Bb7 10. g4 dxc4 11. bxc4 c5 12. d5 exd5 13. cxd5 Nxd5 14. Bxh7+ Kh8 15. Be4 N7f6 16. Nxd5 Nxd5 17. Rd1 Nb4 18.
Qc3 1-0

[Event "*** Titled Tuesday Blitz"]
[Site "Chess.com"]
[Date "2021.03.16"]
[Round "4"]
[White "Politov_Pavel"]
[Black "politeplayer"]
[Result "0-1"]
[WhiteElo "2404"]
[BlackElo "2235"]
[TimeControl "180+1"]
[EndTime "10:33:24 PDT"]
[Termination "politeplayer won by checkmate"]

1. d4 Nf6 2. Nc3 d5 3. Bg5 Nbd7 4. Nf3 e6 5. e4 dxe4 6. Nxe4 c5 7.
dxc5 Qc7 8. Nd6+ Bxd6 9. cxd6 Qb6 10. Rb1 Ne4 11. Bf4 Qxf2# 0-1

[Event "*** Titled Tuesday Blitz"]
[Site "Chess.com"]
[Date "2021.03.16"]
[Round "4"]
[White "Bacyanide"]
[Black "cukin84"]
[Result "1-0"]
[WhiteElo "2413"]
[BlackElo "2112"]
[TimeControl "180+1"]
[EndTime "10:33:38 PDT"]
[Termination "Bacyanide won by checkmate"]

1. d4 f5 2. c4 Nf6 3. Nc3 g6 4. h4 h6 5. h5 g5 6. Qc2 d6 7. e4 f4 8. e5 Ng4 9. Qg6+ Kd7 10. e6+ Kc6 11. Qf5 Ne5 12. Qe4+ d5 13.
cxd5+ Kb6 14. Na4+ Ka5 15. Bd2+ Kxa4 16. dxe5# 1-0

[Event "*** Titled Tuesday Blitz"]
[Site "Chess.com"]
[Date "2021.03.16"]
[Round "4"]
[White "mbachez"]
[Black "kubal123"]
[Result "1-0"]
[WhiteElo "2481"]
[BlackElo "2265"]
[TimeControl "180+1"]
[EndTime "10:34:13 PDT"]
[Termination "mbachez won by resignation"]

1. e4 c6 2. d4 d5 3. Nd2 dxe4 4. Nxe4 Nf6 5. Nxf6+ exf6 6. Bc4 Bd6 7. Be3 O-O 8. Qh5 Re8 9. Bxf7+ Kf8 10. Bxe8 Qxe8 11. Qxe8+ Kxe8 12. Ne2 Bf5 13. O-O-O Nd7 14. Bf4 Bxf4+ 15.
Nxf4 Kf7 16. Rhe1 Rd8 17. f3 Nb6 18. b3 Nd5 19. Nxd5 cxd5 20. Kb2 Rc8 21. c3 b5 22. Rd2 a6 23. Rde2 Rc7 24. g4 Bc8 25. Re8 Kg6 26.
R1e7 Rc6 27. Rg8 1-0

[Event "*** Titled Tuesday Blitz"]
[Site "Chess.com"]
[Date "2021.03.16"]
[Round "4"]
[White "dpopadic"]
[Black "Ermito2020"]
[Result "0-1"]
[WhiteElo "2331"]
[BlackElo "2522"]
[TimeControl "180+1"]
[EndTime "10:34:16 PDT"]
[Termination "Ermito2020 won by resignation"]

1. e4 c5 2. Nc3 d6 3. f4 g6 4. Nf3 Bg7 5. Bc4 Nc6 6. d3 Nf6 7. h3 O-O 8. O-O Nd4 9. Nxd4 cxd4 10. Nd5 Nxd5 11. Bxd5 e6 12. Bb3 a5 13. a4 Kh8 14. Qe1 Bd7 15. Qg3 f5 16. exf5 gxf5 17. Bd2 Bf6 18. Qe1 Rg8 19. Kh2 Bh4 20. Qe2 Bc6 21. Rg1 Bg3+ 22. Kh1 Qh4 0-1

[Event "*** Titled Tuesday Blitz"]
[Site "Chess.com"]
[Date "2021.03.16"]
[Round "4"]
[White "AIROPITO7"]
[Black "alexrustemov"]
[Result "0-1"]
[WhiteElo "2543"]
[BlackElo "2785"]
[TimeControl "180+1"]
[EndTime "10:34:27 PDT"]
[Termination "alexrustemov won by resignation"]

1. Nf3 d5 2. g3 Nf6 3. Bg2 c6 4. O-O Bf5 5. d3 e6 6. c4 dxc4 7. dxc4 Nbd7 8. Nc3 Be7 9. Be3 O-O 10. Qb3 Qc7 11.
h3 h6 12. Rad1 a5 13. Na4 Ne4 14. Rxd7 Qxd7 15. Nb6 Qc7 16. Nxa8 Rxa8 17. Rd1 a4 18. Qb6 Qxb6 19. Bxb6 a3 20. b3 Nc3 21. Rd2 Bb1 22.
Rd7 Bf6 23. Nd4 Bxa2 0-1

[Event "*** Titled Tuesday Blitz"]
[Site "Chess.com"]
[Date "2021.03.16"]
[Round "4"]
[White "Vice64"]
[Black "Genghis_K"]
[Result "0-1"]
[WhiteElo "2596"]
[BlackElo "2886"]
[TimeControl "180+1"]
[EndTime "10:34:28 PDT"]
[Termination "Genghis_K won by resignation"]

1. e4 c5 2. Nf3 d6 3. d4 cxd4 4. Nxd4 Nf6 5. Nc3 Nc6 6. f3 e5 7. Nb3 Be6 8. Be3 Be7 9. g4 d5 10. exd5 Nxd5 11. Nxd5 Bh4+ 12. Bf2 Bxf2+ 13. Kxf2 Bxd5 14.
c4 Qh4+ 15. Kg2 Qxg4+ 16. Kf2 Qh4+ 17. Kg2 Be6 18. Qd6 Rd8 19. Qc7 Nd4 20. Qxe5 Qh3+ 21. Kf2 Qxf3+ 22. Kg1 Nxb3 23. axb3 O-O 24. Bg2 Qxb3 25.
Ra3 Rd1+ 26. Bf1 Qxc4 0-1

[Event "*** Titled Tuesday Blitz"]
[Site "Chess.com"]
[Date "2021.03.16"]
[Round "4"]
[White "enriquebutti"]
[Black "Legendinunknown"]
[Result "1-0"]
[WhiteElo "2220"]
[BlackElo "2598"]
[TimeControl "180+1"]
[EndTime "10:34:31 PDT"]
[Termination "enriquebutti won by resignation"]

1. d4 Nf6 2. Nf3 g6 3. c4 Bg7 4.
Nc3 O-O 5. Bg5 d6 6. e3 Nbd7 7. Be2 c5 8. O-O cxd4 9. Nxd4 a6 10. Qc2 Nc5 11. Rfd1 Bd7 12. Rac1 Rc8 13. b4 Ne6 14. Bh4 Qb6 15. Qb3 Rc7 16. Bxf6 Bxf6 17. Nd5 Nxd4 18. exd4 Qc6 19. Bf3 Kg7 20. Nxf6 1-0

[Event "*** Titled Tuesday Blitz"]
[Site "Chess.com"]
[Date "2021.03.16"]
[Round "4"]
[White "frequentblunders"]
[Black "Trickov"]
[Result "0-1"]
[WhiteElo "2060"]
[BlackElo "2381"]
[TimeControl "180+1"]
[EndTime "10:35:07 PDT"]
[Termination "Trickov won by resignation"]

1. e3 d5 2. c4 c6 3. Nf3 Nf6 4. Nc3 Bf5 5. d4 e6 6. Bd3 dxc4 7. Bxc4 Nbd7 8. O-O Be7 9. Re1 O-O 10. e4 Bg6 11. h3 a5 12. a4 Bb4 13. e5 Nd5 14. Qb3 N7b6 15. Bf1 Rc8 16. Bg5 Qc7 17. Rac1 h6 18. Bd2 Qe7 19. Ne4 Bxe4 20. Bxb4 Qxb4 21. Qxb4 Nxb4 22.
Rxe4 Nxa4 23. b3 Nb6 24. Ra1 Ra8 25. g4 Rfd8 26. g5 h5 27. Nd2 Nc2 28. Ra2 Nxd4 0-1

[Event "*** Titled Tuesday Blitz"]
[Site "Chess.com"]
[Date "2021.03.16"]
[Round "4"]
[White "lukazz029"]
[Black "nrvisakh"]
[Result "0-1"]
[WhiteElo "2225"]
[BlackElo "2792"]
[TimeControl "180+1"]
[EndTime "10:35:19 PDT"]
[Termination "nrvisakh won by checkmate"]

1. e4 c5 2. Nf3 Nc6 3. d4 cxd4 4. Nxd4 Nf6 5. Nc3 e5 6. Ndb5 d6 7. Nd5 Nxd5 8. exd5 Nb8 9. c4 Be7 10. Qa4 O-O 11.
Be3 a6 12. Nc3 f5 13. f4 exf4 14. Bxf4 Bf6 15. Be2 Nd7 16. O-O Qb6+ 17. Kh1 Qxb2 18. Bxd6 Re8 19. Bd3 Qxc3 20. Bxf5 b5 21. cxb5 Nb6 22.
Qg4 Bxf5 23. Qxf5 axb5 24. Rac1 Qd2 25. Bc7 Nxd5 26. Rcd1 Ne3 27. Qxf6 Qxg2# 0-1